 Dungeon Crawl Stone Soup version 0.27-a0-1191-g601b473118 (webtiles) character file.

Game seed: 12976494479060901473

1514 st0uf the Slasher (level 8, 0/63 (68) HPs)
             Began as a Green Draconian Monk on May 23, 2021.
             Was a Believer of Okawaru.
             Slain by a wight
             ... wielding a +3 long sword
              (2 damage)
             ... on level 6 of the Dungeon.
             The game lasted 00:17:23 (6824 turns).

st0uf the Slasher (Green Draconian Monk)            Turns: 6824, Time: 00:17:24

HP:   0/63 (68)     AC:  8    Str: 13    XL:     8   Next: 53%
MP:   8/8           EV: 16    Int: 12    God:    Okawaru [**....]
Gold: 315           SH:  0    Dex: 21    Spells: 7/7 levels left

rFire    . . .     SeeInvis +   a - +0 falchion
rCold    . . .     Faith    .   (no shield)
rNeg     . . .     Spirit   .   (armour unavailable)
rPois    +         Reflect  .   (helmet restricted)
rElec    .         Harm     .   b - +0 cloak
rCorr    .         Rampage  .   (no gloves)
Will     .....                  D - +0 pair of boots
Stlth    +++.......             (no amulet)
HPRegen  0.20/turn              c - ring of see invisible
MPRegen  0.11/turn              p - +6 ring of dexterity

@: drained
A: breathe noxious fumes, AC +6, unfitting armour, poison resistance,
cold-blooded
a: Breathe Noxious Fumes, Renounce Religion, Heroism


You were on level 6 of the Dungeon.
You worshipped Okawaru.
Okawaru was pleased with you.
You visited 2 branches of the dungeon, and saw 7 of its levels.

You collected 315 gold pieces.

Inventory:

Hand Weapons
 a - a +0 falchion (weapon)
Missiles
 l - a throwing net (quivered)
 y - 3 curare-tipped darts
Armour
 b - a +0 cloak (worn)
 D - a +0 pair of boots (worn)
Jewellery
 c - a ring of see invisible (left hand)
 f - an amulet of faith
 p - a +6 ring of dexterity (right hand)
Wands
 q - a wand of flame (20)
 u - a wand of digging (6)
 x - a wand of polymorph (6)
Scrolls
 e - a scroll of holy word {unknown}
 g - a scroll of brand weapon {unknown}
 h - 6 scrolls of identify {unknown}
 j - 2 scrolls of magic mapping {unknown}
 k - a scroll of torment {unknown}
 m - 2 scrolls of summoning {unknown}
 r - 3 scrolls of amnesia {unknown}
 t - 2 scrolls of noise {unknown}
 v - a scroll of fear {unknown}
 w - a scroll of acquirement {unknown}
 z - 3 scrolls of teleportation {unknown}
 B - a scroll of immolation {unknown}
Potions
 d - 2 potions of curing {unknown}
 i - 3 potions of haste {unknown}
 n - 2 potions of berserk rage {unknown}
 o - 2 potions of invisibility {unknown}
 s - a potion of cancellation {unknown}
 A - a potion of mutation {unknown}
 C - a potion of ambrosia {unknown}
 E - a potion of attraction {unknown}


   Skills:
 + Level 5.3 Fighting
 + Level 6.8 Long Blades
 * Level 6.3 Dodging
 + Level 4.8 Stealth
 * Level 1.0 Invocations


You had 7 spell levels left.
You didn't know any spells.
Your spell library contained the following spells:

 Spells                   Type           Power      Damage    Failure   Level
 Sandblast                Erth           0%         2d4       32%         1
 Passwall                 Tmut/Erth      0%         N/A       45%         2
 Stone Arrow              Conj/Erth      0%         3d7       69%         3
 Petrify                  Tmut/Erth      0%         N/A       97%         4
 Lee's Rapid Deconstruct  Erth           0%         3d5*      100%        5


Dungeon Overview and Level Annotations

Branches:
Dungeon (6/15)             Temple (1/1) D:6

Altars:
Ashenzari
Cheibriados
Dithmenos
Elyvilon
Fedhas
Gozag
Hepliaklqana
Kikubaaqudgha
Makhleb
Okawaru
Qazlal
Ru
Sif Muna
Trog
Uskayaw
Vehumet
Wu Jian
Xom
Yredelemnul
Zin
The Shining One

Annotations:
D:3 Sigmund, Terence
D:4 exclusion: black bear


Innate Abilities, Weirdness & Mutations

You can breathe blasts of noxious fumes.
Your lurid green scales are hard. (AC +6)
You cannot fit into any form of body armour.
Your system is resistant to poisons. (rPois)
You are cold-blooded and may be slowed by cold attacks.


Message History

You hit the wight but do no damage.
The wight is severely damaged.
The wight hits you with a +3 long sword.
You feel drained.
You closely miss the wight.
You tail-slap the wight, but do no damage.
The wight is severely damaged.
The wight barely misses you.
You hit the wight but do no damage.
The wight is severely damaged.
The wight misses you.
You hit the wight but do no damage.
Your tail-slap misses the wight.
The wight is severely damaged.
The wight barely misses you.
You hit the wight but do no damage.
The wight is severely damaged.
The wight closely misses you.
You hit the wight but do no damage.
The wight is severely damaged.
You closely miss the wight.
The wight is severely damaged.
The wight hits you with a +3 long sword!
* * * LOW HITPOINT WARNING * * *
You hit the wight.
You tail-slap the wight, but do no damage.
The wight is severely damaged.
The wight hits you with a +3 long sword!
* * * LOW HITPOINT WARNING * * *
You barely miss the wight.
The wight is severely damaged.
The wight closely misses you.
You hit the wight but do no damage.
The wight is severely damaged.
The wight misses you.
You hit the wight but do no damage.
The wight is severely damaged.
The wight hits you with a +3 long sword.
* * * LOW HITPOINT WARNING * * *
You feel drained.
You die...

.. #z....... ..... ...
#........ ...
....###......#######.
...................
#..............#.
##########...........<.#
#.....#.......##.##.##.#
#.....##..#..#.z#....#.........
.....##..#..#@.#.#............
....##..#..#..#....#..⌠...⌠..
#...##.##.##.###...#.........
#...#..#..#..#..........>....
##...#..#..#..#.#.###.........
#....#))#..#..# #...#..⌠...⌠..
#.......#.....#.#.............
#....##########.#.###.........
#....#####.#....#...##.##.##.#


You could see a wight.

Vanquished Creatures
  Eustachio (D:5)
  2 water moccasins (D:6)
  A sky beast (D:5)
  An ogre (D:6)
  3 scorpions
  2 water moccasin skeletons
  A wyvern skeleton (D:5)
  3 killer bees (D:5)
  A wight (D:6)
  A bullfrog zombie (D:4)
  3 hounds
  2 centaur skeletons
  A bullfrog skeleton (D:6)
  An iguana (D:5)
  3 orc wizards
  A hound zombie (D:5)
  A hound skeleton (D:5)
  A howler monkey skeleton (D:5)
  4 gnolls
  2 adders
  An ufetubus (D:4)
  An adder skeleton (D:4)
  A worm (D:2)
  5 dart slugs
  15 orcs
  2 endoplasms
  A giant cockroach (D:4)
  6 hobgoblins
  3 jackals (D:3)
  3 quokkas
  7 ball pythons
  3 bats
  6 frilled lizards
  2 goblins
  9 kobolds
  6 rats
106 creatures vanquished.

Notes
Turn   | Place    | Note
-------+----------+-------------------------------------------
     0 | D:1      | st0uf the Draconian Monk began the quest for the Orb.
     0 | D:1      | Reached XP level 1. HP: 19/19 MP: 1/1
   244 | D:1      | Found a faded altar of an unknown god.
   367 | D:1      | Reached XP level 2. HP: 26/26 MP: 2/2
   868 | D:1      | Reached XP level 3. HP: 31/31 MP: 3/3
  1868 | D:2      | Found a blossoming altar of Fedhas.
  1874 | D:2      | Reached XP level 4. HP: 20/40 MP: 4/4
  2790 | D:3      | Noticed Sigmund
  3136 | D:3      | Noticed Terence
  3200 | D:4      | Reached XP level 5. HP: 33/46 MP: 5/5
  3329 | D:4      | Found a snail-covered altar of Cheibriados.
  3329 | D:4      | Found a blossoming altar of Fedhas.
  3336 | D:4      | Found a hide-covered altar of Uskayaw.
  3337 | D:4      | Noticed a black bear
  3971 | D:5      | Entered Level 5 of the Dungeon
  4273 | D:5      | Reached XP level 6. HP: 51/52 MP: 6/6
  4331 | D:5      | Reached skill level 5 in Long Blades
  4678 | D:5      | Noticed Eustachio
  4801 | D:5      | Noticed a sky beast
  4833 | D:5      | Killed a sky beast
  4834 | D:5      | Your scales start taking on a lurid green colour.
  4834 | D:5      | Reached XP level 7. HP: 53/60 MP: 7/7
  4834 | D:5      | Gained mutation: Your system is resistant to poisons.
                  | (rPois) [Green Draconian growth]
  4883 | D:5      | Reached skill level 5 in Dodging
  5433 | D:5      | Killed Eustachio
  5475 | D:6      | Reached skill level 5 in Fighting
  5475 | D:6      | Reached XP level 8. HP: 61/68 MP: 8/8
  6197 | D:6      | Found a staircase to the Ecumenical Temple.
  6206 | Temple   | Entered the Ecumenical Temple
  6418 | Temple   | Became a worshipper of Warmaster Okawaru
  6418 | Temple   | Reached * piety under Okawaru
  6418 | Temple   | Reached ** piety under Okawaru
  6701 | D:6      | Reached skill level 1 in Invocations
  6824 | D:6      | HP: 2/64 [wight/+3 long sword (6)]
  6824 | D:6      | Slain by a wight

Illustrated notes

Levels and vault maps discovered:
D:1:      dpeg_arrival_orchard, layout_basic, basic_ecumenical_altar,
          ebering_dispersal_statue_hall, minmay_fountain_box
D:2:      layout_loops_ring, basic_altar, glass_columns_b, minmay_misc_feat_five
D:3:      minmay_wonky_spiral, layout_loops_ring, uniq_sigmund, uniq_terence
D:4:      layout_basic, chequers_temple_overflow_minitemple,
          corexii_corridor_pit
D:5:      layout_cave_pools, uniq_eustachio
D:6:      minmay_angry_zag, layout_basic, minmay_temple_entry_large_hall,
          serial_park_tiny_pond
Temple:   dpeg_five_rooms_temple

Skill      XL: |  1  2  3  4  5  6  7  8 |
---------------+-------------------------+-----
Dodging        | 3 4 5 6 |  6.3
Stealth        | 2 3 4 |  4.8
Long Blades    | 4 5 6 |  6.8
Fighting       | 4 5 |  5.3
Invocations    | 1 |  1.0

Action                   |  1- 3 |  4- 6 |  7- 9 || total
-------------------------+-------+-------+-------++-------
Melee: Falchion          |    95 |   217 |   200 ||   512
       Tailslap          |    10 |    54 |    45 ||   109
 Abil: Breathe Noxious F |       |       |     9 ||     9
 Stab: Sleeping          |     7 |     7 |     2 ||    16
       Distracted        |       |     1 |       ||     1
       Confused          |       |       |    13 ||    13
Armor: Skin              |    32 |    54 |    32 ||   118
Dodge: Dodged            |    79 |   158 |   142 ||   379
       Rpst.: Falchion   |    15 |    42 |    35 ||    92

Table legend: (Time is in decaauts)
 A = Elapsed time spent in this place.
 B = Non-inter-level travel time spent in this place.
 C = Inter-level travel time spent in this place.
 D = Time resting spent in this place.
 E = Time spent auto-exploring this place.
 F = Levels seen in this place.
 G = Mean time per level.
                   A        B        C        D        E       F      G
               +--------+--------+--------+--------+--------+-----+--------+
         Total |   6854 |   6539 |    315 |   1836 |   3124 |   7 |  979.1 |
       Dungeon |   6589 |   6328 |    261 |   1836 |   2927 |   6 | 1098.2 |
        Temple |    264 |    210 |     54 |      0 |    197 |   1 |  264.0 |
               +--------+--------+--------+--------+--------+-----+--------+

Top non-repeatable levels by time:
     D:5: 1652 daAuts
     D:1: 1503 daAuts
     D:6: 937 daAuts
     D:3: 880 daAuts
     D:2: 819 daAuts
     D:4: 795 daAuts
  Temple: 264 daAuts
